 Dungeon Sprint DCSS version 0.31-a0-841-g038b102fc3 (webtiles) character file.

Game seed: 6481095874649447308

247 sircluck the Ruffian (level 5, -6/61 HPs)
             Began as a Troll Berserker on Sept 27, 2023.
             Was a Follower of Trog.
             Mangled by an unseen horror (10 damage)
             ... in the Dungeon (Sprint VII: "The Pits").
             The game lasted 00:00:12 (33 turns).

sircluck the Ruffian (Troll Berserker)                Turns: 33, Time: 00:00:12

Health: -6/61      AC:  4    Str: 27    XL:     5   Next: 85%
Magic:  4/4        EV: 11    Int:  3    God:    Trog [*.....]
Gold:   0          SH:  0    Dex:  9    Spells: 4/4 levels left

rFire   . .          .
                       - Unarmed
rCold   . . .        (no shield)
rNeg    . . .        a - +0 animal skin
rPois   .            (helmet restricted)
rElec   .            (no cloak)
rCorr   .            (gloves unavailable)
SInv    .            (boots unavailable)
Will    .....        (no amulet)
Stlth   +            (no ring)
HPRegen 1.10/turn    (no ring)
MPRegen 0.09/turn

%: no teleportation
@: on berserk cooldown, slowed, very slow
A: large, unfitting armour, claws 3, regeneration 1, shaggy fur 1, tough skin 1
a: Renounce Religion, Berserk


You were in the Dungeon.
You worshipped Trog.
Trog was aware of your devotion.
You visited 1 branch

Inventory:

Armour
 a - a +0 animal skin (worn)
Scrolls
 g - a scroll of blinking
Potions
 b - a potion of curing
 c - a potion of heal wounds
 d - a potion of haste
 e - 2 potions of magic
 f - a potion of berserk rage


   Skills:
 + Level 6.4 Fighting
 + Level 6.3 Dodging
 + Level 7.6 Unarmed Combat


You had 4 spell levels left.
You didn't know any spells.
Your spell library was empty.

Dungeon Overview and Level Annotations

Branches:
Dungeon (1/1)

Altars:


Innate Abilities, Weirdness & Mutations

You are too large for most types of armour.
You have claws for hands.
Your natural rate of healing is unusually fast.
You are covered in fur. (AC +1)
You have tough skin. (AC +1)


Message History

Your experience leads to an increase in your attributes!
Increase (S)trength, (I)ntelligence, or (D)exterity?
You feel stronger. x3
Unknown command.
Unknown command.
Unknown command.
Something hits you. The merfolk barely misses you.
There is a large open door here.
You feel a strong urge to attack something.
You claw the merfolk!
The merfolk is moderately wounded.
Something hits you. The merfolk barely misses you.
You claw the merfolk!
The merfolk is heavily wounded.
Something hits you! The merfolk closely misses you.
You closely miss the merfolk.
The merfolk is heavily wounded.
You claw the merfolk!
The merfolk is almost dead.
Something hits you. The merfolk hits you with a +0 trident!
* * * LOW HITPOINT WARNING * * *
You mangle the merfolk!!
You kill the merfolk!
Trog accepts your kill.
Your Fighting skill gained 3 levels and is now at level 6!
Your Dodging skill gained 3 levels and is now at level 6!
Your Unarmed Combat skill gained 3 levels and is now at level 7!
You have reached level 4!
You have reached level 5!
Unknown command.
Unknown command.
You are no longer berserk.
You are exhausted.
You feel yourself slow down. Something hits you.
* * * LOW HITPOINT WARNING * * *
You see here a +0 trident.
Something hits you.
* * * LOW HITPOINT WARNING * * *
Something hits you!
You die...

#......#..#......#
#................#
####'#####''######
#.......##''#####
#.......##......#
#.......##......#
#...<...###....##
#.......# ##''##
#.......###..@.##
#.......##...)..#
##########......+
#......# ##....##
##++##


There were no monsters in sight!

Vanquished Creatures
  A merfolk (D)
  A quasit (D)
2 creatures vanquished.

Notes
Turn   | Place    | Note
-------+----------+-------------------------------------------
     0 | D        | sircluck the Troll Berserker began the quest for the Orb.
     0 | D        | Reached XP level 1. HP: 22/22 MP: 0/0
    20 | D        | Noticed a quasit
    20 | D        | Noticed a merfolk
    24 | D        | Killed a quasit
    25 | D        | Reached skill level 4 in Unarmed Combat
    25 | D        | Reached XP level 2. HP: 30/32 MP: 1/1
    25 | D        | Reached XP level 3. HP: 37/39 MP: 2/2
    31 | D        | Killed a merfolk
    32 | D        | Reached skill level 7 in Unarmed Combat
    32 | D        | Reached XP level 4. HP: 16/53 MP: 3/3
    32 | D        | Reached XP level 5. HP: 19/61 MP: 4/4
    33 | D        | Mangled by an unseen horror

Illustrated notes

Levels and vault maps discovered:
D:        pitsprint [storerooms_1, entrance_room_1, metal_vault_2, armoury_1,
          mini_pit_1, grid_room_1, main_hall_1, silver_pit, the_coven_3,
          the_vestibule_1, steel_vault_2, golden_pit, hallway_of_sentries,
          crystal_vault_1, iron_vault_1, final_vault]

Skill      XL: |  1  2  3 |
---------------+----------+-----
Fighting       | 3 6 |  6.4
Dodging        | 3 6 |  6.3
Unarmed Combat | 4 7 |  7.6

Action                     |  1- 3 |  4- 6 || total
---------------------------+-------+-------++-------
  Melee: Unarmed           |     8 |       ||     8
 Invoke: Berserk           |     1 |       ||     1
 Armour: Animal skin       |    14 |     3 ||    17
  Dodge: Dodged            |     5 |       ||     5

Table legend: (Time is in decaauts)
 A = Elapsed time spent in this place.
 B = Non-inter-level travel time spent in this place.
 C = Inter-level travel time spent in this place.
 D = Time resting spent in this place.
 E = Time spent auto-exploring this place.
 F = Levels seen in this place.
 G = Mean time per level.
                   A        B        C        D        E       F      G
               +--------+--------+--------+--------+--------+-----+--------+
         Total |     29 |     26 |      3 |      0 |     17 |   1 |   29.0 |
       Dungeon |     29 |     26 |      3 |      0 |     17 |   1 |   29.0 |
               +--------+--------+--------+--------+--------+-----+--------+

Top non-repeatable levels by time:
       D: 29 daAuts
